 Dungeon Crawl Stone Soup version 0.31-a0-963-ga325b2283a (webtiles) character file.

Game seed: 16521438666675780411

21617 Tharus the Warrior (level 12, -9/130 HPs)
             Began as a Minotaur Berserker on Oct 24, 2023.
             Was an Elder of Trog.
             Mangled by an entropy weaver (10 damage)
             ... on level 2 of the Lair of Beasts.
             The game lasted 02:30:49 (12625 turns).

Tharus the Warrior (Minotaur Berserker)            Turns: 12625, Time: 02:30:50

Health: -9/130     AC: 25    Str: 27      XL:     12   Next: 55%
Magic:  11/11      EV:  9    Int:  4      God:    Trog [****..]
Gold:   351        SH:  5    Dex: 14 (16) Spells: 11/11 levels left

rFire   . . .        o - +1 battleaxe (chaos)
rCold   . . .        (shield currently unavailable)
rNeg    . . .        t - +2 plate armour
rPois   +            (helmet restricted)
rElec   .            T - +2 cloak
rCorr   .            J - +0 pair of gloves
SInv    .            h - +2 pair of boots
Will    .....        d - amulet of reflection Stlth
                     W - ring of poison resistance
HPRegen 0.41/turn    i - +6 ring of dexterity
MPRegen 0.12/turn

%: reflection
@: corroded
A: horns 2, retaliatory headbutt, iridescent scales 1, deterioration 1, robust 1
a: Renounce Religion, Berserk, Trog's Hand, Brothers in Arms


You were on level 2 of the Lair of Beasts.
You worshipped Trog.
Trog was greatly pleased with you.
You visited 3 branches of the dungeon, and saw 13 of its levels.
You also visited: Sewer and Ossuary.

You collected 985 gold pieces.
You spent 634 gold pieces at shops.

Inventory:

Hand Weapons
 a - a +0 hand axe of draining
 b - a +0 war axe
 o - a +1 battleaxe of chaos (weapon)
 y - a +2 dagger of protection
 L - a +4 scimitar of flaming
 U - a +0 sling
 X - a +1 trident of venom
 Y - a +2 antimagic orcbow
 Z - a +2 short sword of speed
Missiles
 e - 2 atropa-tipped darts
 w - 3 curare-tipped darts (quivered)
 G - a boomerang
 H - 12 silver javelins
 Q - 5 throwing nets
Armour
 h - a +2 pair of boots (worn)
 j - a +0 troll leather armour
 k - the +2 robe of the Sturgeon {rElec}
   (You found it on level 6 of the Dungeon)

   rElec:     It insulates you from electricity.
 l - a +0 pair of boots of rampaging
 p - the +2 leather armour of Honesty {Str+6}
   (You found it on level 6 of the Dungeon)

   Str+6:     It affects your strength (+6).
 r - a +0 chain mail
 t - a +2 plate armour (worn)
 v - +0 steam dragon scales
 I - the +0 robe "Lyecriur" {rPois rN+ Will+ Stlth-}
   (You took it off a kobold brigand on level 6 of the Dungeon)

   rPois:     It protects you from poison rN+: It protects you from negative
   energy.
   Will+:     It increases your willpower.
   Stlth-:    It makes you less stealthy.
 J - a +0 pair of gloves (worn)
 T - a +2 cloak (worn)
Jewellery
 d - an amulet of reflection (around neck)
 f - the ring of Goab {Fire rPois Will+}
   (You found it on level 8 of the Dungeon)

   [ring of fire]

   Fire:      It enhances your fire magic.
   rF+:       It protects you from fire.
   rC-:       It makes you vulnerable to cold.
   rPois:     It protects you from poison Will+: It increases your willpower.
 i - a +6 ring of dexterity (right hand)
 n - the necklace of Bloodlust {Fury *Rage Will++ Int-3 Slay+6}
   (You bought it in a shop on level 1 of the Dungeon)

   [amulet of nothing]

   Fury:      It extends the wearer's berserk rage when killing foes.
   Int-3:     It affects your intelligence (-3).
   Slay+6:    It affects your accuracy & damage with ranged weapons and melee
   (+6).
   Will++:    It greatly increases your willpower.
   *Rage:     It berserks you when you make melee attacks (+50% chance).
 u - the amulet of Vitality {RegenMP++ Regen++}
   (You found it on level 8 of the Dungeon)

   [amulet of magic regeneration]

   RegenMP:   It increases your rate of magic regeneration.
   Regen++:   It increases your rate of health regeneration.
 O - an amulet of guardian spirit
 W - a ring of poison resistance (left hand)
Talismans
 q - a dragon-blood talisman
 K - a serpent talisman
Wands
 x - a wand of mindburst (3)
 M - a wand of flame (39)
 P - a wand of paralysis (21)
Scrolls
 g - 4 scrolls of fog
 D - 8 scrolls of identify
 E - 4 scrolls of fear
 F - 5 scrolls of revelation
 N - 3 scrolls of teleportation
 R - a scroll of silence
Potions
 s - a potion of cancellation
 z - 7 potions of curing
 A - 2 potions of resistance
 C - 4 potions of haste
 S - a potion of heal wounds
 V - 2 potions of enlightenment
Miscellaneous
 c - a box of beasts
 m - a phantom mirror
 B - a condenser vane


   Skills:
 + Level 15.0 Fighting
 + Level 14.8 Axes
 + Level 14.6 Armour
 - Level 2.2 Dodging


You had 11 spell levels left.
You didn't know any spells.
Your spell library contained the following spells:

 Spells                   Type           Power      Damage    Failure   Level
 Apportation              Tloc           0%         N/A       98%         1
 Shock                    Conj/Air       0%         1d3       98%         1
 Summon Small Mammal      Summ           0%         N/A       98%         1
 Jinxbite                 Hex            0%         N/A       99%         2
 Sublimation of Blood     Necr           0%         N/A       99%         2
 Wereblood                Tmut           0%         N/A       99%         2
 Call Canine Familiar     Summ           0%         N/A       100%        3
 Gell's Gravitas          Tloc           0%         N/A       100%        3
 Summon Guardian Golem    Hex/Summ       0%         N/A       100%        3
 Swiftness                Air            0%         N/A       100%        3
 Teleport Other           Tloc           0%         N/A       100%        3
 Airstrike                Air            0%         2d(0-16)  100%        4
 Alistair's Intoxication  Tmut/Pois      0%         N/A       100%        5
 Dispersal                Tloc           0%         N/A       100%        6
 Summon Hydra             Summ           0%         N/A       100%        7


Dungeon Overview and Level Annotations

Branches:
Dungeon (10/15)            Temple (0/1) D:6            Lair (2/5) D:10
 Spider (1/4) Lair:2        Sewer (visited)         Ossuary (visited)
  Swamp: Lair:2-3    Shoals: Lair:2-3       Orc: D:9-12

Altars:
Cheibriados
Elyvilon
Fedhas
Makhleb
Trog
Xom
Yredelemnul
The Shining One

Shops:
D:1 =   D:4 ?   D:7 (

Annotations:
Lair:2 1 runed translucent door, Vadghucic's ghost, journeyman DsFE


Innate Abilities, Weirdness & Mutations

You have a pair of horns on your head.
You reflexively headbutt those who attack you in melee.
You are partially covered in iridescent scales. (AC +2)
Your body sometimes deteriorates upon taking damage.
You are robust. (+10% HP)


Message History

The culicivora barely misses you. You furiously retaliate!
You headbutt the culicivora, but do no damage.
The tarantella splashes around in the water.
The culicivora bites you but does no damage.
The moth of wrath bites you!
* * * LOW HITPOINT WARNING * * *
The moth of wrath bites itself!
You block the entropy weaver's attack.
The entropy weaver hits you but does no damage. x3
You can't go down here!
The tarantella touches you!
* * * LOW HITPOINT WARNING * * *
You block the culicivora's attack.
The tarantella touches you but does no damage.
You block the entropy weaver's attack.
The entropy weaver hits you but does no damage. x2
The entropy weaver closely misses you. The tarantella barely misses you.
You furiously retaliate!
You headbutt the tarantella.
You climb upwards.
Welcome back to the Lair of Beasts!
Level annotation: 1 runed translucent door, Vadghucic's ghost, journeyman DsFE
There is a hole to the Spider Nest here.
The culicivora bites you but does no damage.
You stop removing your armour.
The tarantella touches you.
* * * LOW HITPOINT WARNING * * *
The culicivora completely misses you.
The entropy weaver gestures at you while chanting.
The entropic weave corrodes you! The tarantella touches you.
* * * LOW HITPOINT WARNING * * *
The culicivora bites you!
* * * LOW HITPOINT WARNING * * *
The culicivora draws strength from your injuries!
As you read the scroll of fear, it crumbles to dust.
You assume a fearsome visage.
The tarantella is unaffected.
The entropy weaver resists with some effort.
The culicivora is unaffected.
The tarantella touches you.
* * * LOW HITPOINT WARNING * * *
The culicivora bites you.
* * * LOW HITPOINT WARNING * * *
The culicivora draws strength from your injuries!
The entropy weaver hits you!
You die...

# #.†....# #..
...#########††....# #P+###
+..#......†††.....# .....# .
###..........#†.....# .....
..##^^...###...##......+ ....#
#^^^^..###...###......# ....#
###^...#^^^...###....... ....#
#.#...^^^^....##.......# #+#
###/.^..s@^.....####+.#.## #.#
#......#^Bs..†^.# #..##.# P+####
##.....##^^^....# #.## ## .....#
#...^..^##^#....####.> ##
.....###.......^###.....#.##.###.
.....##.+.!.^...###.^...#..#+.#.!
.<...#...........#...............
.....##.............##.#.........
........#...........#............


You could see an entropy weaver, a culicivora (berserk, strong, drained) and a
tarantella (berserk, agile).

Vanquished Creatures
  Harold (Lair:1)
  Erica (D:9)
  A boulder beetle (D:9)
  A tengu warrior (D:8)
  A skyshark (Lair:2)
  An oklob plant (D:10)
  Maurice (D:9)
  A rime drake (Lair:1)
  5 cane toads
  A tengu conjurer (D:8)
  A komodo dragon (Lair:1)
  3 trolls
  A queen bee (Lair:2)
  A hornet (Lair:1)
  3 blink frogs (Lair:1)
  2 tarantellas (Spider:1)
  3 shadows
  6 yaks (Lair:2)
  A human (D:10)
  3 wyverns
  A basilisk (Lair:1)
  Grum (Lair:1)
  Eustachio (D:6)
  A steam dragon (D:9)
  4 redbacks
  2 acid dragons (D:8)
  Duvessa (D:7)
  9 water moccasins
  2 ice beasts
  3 sky beasts
  2 black bears
  2 orc warriors
  3 centaurs
  7 wolves
  A phantom (D:6)
  6 ogres
  5 kobold brigands
  Blork the orc (D:6)
  6 bullfrogs
  A gnoll sergeant (D:5)
  4 scorpions
  Dowan (D:7)
  35 killer bees
  7 howler monkeys
  3 hounds
  3 jellies
  2 orc priests (D:6)
  4 sleepcaps
  Ijyb (D:3)
  10 iguanas
  5 orc wizards
  8 mummies (Ossuary)
  11 gnolls
  9 adders
  7 river rats (Sewer)
  2 shadow imps
  2 white imps
  2 worms
  3 dart slugs
  20 orcs
  8 endoplasms
  3 giant cockroaches
  A gnoll zombie (Ossuary)
  10 goblins
  9 hobgoblins
  5 jackals
  4 quokkas
  13 ball pythons
  6 bats
  4 frilled lizards (D:1)
  2 jackal zombies (D:10)
  30 kobolds
  4 kobold zombies (Ossuary)
  3 orc zombies (Ossuary)
  17 rats
355 creatures vanquished.

Vanquished Creatures (collateral kills)
  A two-headed ogre (D:10)
  A boulder beetle (D:8)
  An ugly thing (D:8)
  3 oklob plants (Lair:1)
  Maggie (D:9)
  3 wolves
10 creatures vanquished.

Vanquished Creatures (others)
  A jelly (D:6)
  A black bear zombie (Lair:2)
2 creatures vanquished.

Grand Total: 367 creatures vanquished

Notes
Turn   | Place    | Note
-------+----------+-------------------------------------------
     0 | D:1      | Tharus the Minotaur Berserker began the quest for the Orb.
     0 | D:1      | Reached XP level 1. HP: 19/19 MP: 0/0
   277 | D:1      | Reached XP level 2. HP: 27/27 MP: 1/1
   307 | D:1      | Reached skill level 4 in Fighting
   379 | D:1      | Found Vippeasa's Jewellery Shop.
   700 | D:1      | Reached ** piety under Trog
   750 | D:1      | Reached XP level 3. HP: 33/33 MP: 2/2
  1760 | D:3      | Found a glowing drain.
  1778 | D:3      | Reached XP level 4. HP: 41/41 MP: 3/3
  1801 | Sewer    | Entered a sewer
  1897 | Sewer    | Noticed a kobold brigand
  1916 | Sewer    | Killed a kobold brigand
  1917 | Sewer    | Reached skill level 5 in Fighting
  1917 | Sewer    | Reached skill level 5 in Axes
  1917 | Sewer    | Reached XP level 5. HP: 28/48 MP: 4/4
  1938 | Sewer    | Gained mutation: You are robust. (+10% HP) [potion of
                  | mutation]
  1938 | Sewer    | Gained mutation: Your body sometimes deteriorates upon
                  | taking damage. [potion of mutation]
  1938 | Sewer    | Gained mutation: You are partially covered in iridescent
                  | scales. (AC +2) [potion of mutation]
  2015 | Sewer    | Reached XP level 6. HP: 61/61 MP: 5/5
  2077 | Sewer    | Reached *** piety under Trog
  2512 | D:3      | Found a burning altar of Makhleb.
  2515 | D:3      | Found a snail-covered altar of Cheibriados.
  2515 | D:3      | Found a white marble altar of Elyvilon.
  2641 | D:3      | Reached skill level 5 in Armour
  2786 | D:3      | Noticed Ijyb
  2795 | D:3      | Killed Ijyb
  3029 | D:4      | Reached skill level 6 in Fighting
  3125 | D:4      | Found Fistrount's Magic Scroll Emporium.
  3229 | D:4      | Reached **** piety under Trog
  3230 | D:4      | Reached XP level 7. HP: 66/70 MP: 6/6
  3292 | D:4      | Found a blossoming altar of Fedhas.
  3574 | D:4      | Reached skill level 7 in Fighting
  3989 | D:5      | Entered Level 5 of the Dungeon
  4291 | D:5      | Reached XP level 8. HP: 73/80 MP: 5/7
  4507 | D:5      | Reached skill level 8 in Fighting
  4911 | D:6      | Identified the +2 leather armour of Honesty {Str+6}
  5002 | D:6      | Identified the +0 robe "Lyecriur" {rPois rN+ Will+ Stlth-}
  5283 | D:6      | Noticed Blork the orc
  5296 | D:6      | Killed Blork the orc
  5395 | D:6      | Reached skill level 9 in Fighting
  5398 | D:6      | Reached XP level 9. HP: 59/91 MP: 5/8
  5491 | D:6      | Found a sand-covered staircase.
  5501 | Ossuary  | Entered an ossuary
  5834 | D:6      | Identified the +2 robe of the Sturgeon {rElec}
  5897 | D:6      | Found a shimmering altar of Xom.
  5935 | D:6      | Found a staircase to the Ecumenical Temple.
  6002 | D:6      | Noticed Eustachio
  6009 | D:6      | Killed Eustachio
  6149 | D:6      | Reached ***** piety under Trog
  6234 | D:6      | Reached skill level 10 in Fighting
  6774 | D:7      | Found Ubacaog's Antique Weapon Shop.
  6786 | D:7      | Reached skill level 10 in Axes
  6929 | D:7      | Noticed Duvessa
  6929 | D:7      | Noticed Dowan
  6935 | D:7      | Killed Dowan
  6942 | D:7      | Killed Duvessa
  7009 | D:7      | Reached skill level 10 in Armour
  7284 | D:8      | Noticed a boulder beetle
  7285 | D:8      | Noticed a red ugly thing
  7286 | D:8      | Found a transporter.
  7286 | D:8      | Found the amulet of Vitality {RegenMP++ Regen++}
  7286 | D:8      | Noticed a troll
  7302 | D:8      | Found a transporter.
  7389 | D:8      | Reached XP level 10. HP: 103/103 MP: 9/9
  7586 | D:8      | Noticed a tengu warrior
  7594 | D:8      | Killed a tengu warrior
  7595 | D:8      | Reached skill level 11 in Fighting
  7646 | D:8      | You fall into a shaft and drop 1 floor!
  7653 | D:9      | Found a transporter.
  7653 | D:9      | Found a transporter.
  7655 | D:9      | Noticed a boulder beetle
  8916 | D:1      | Bought the necklace of Bloodlust {Fury *Rage Will++ Int-3
                  | Slay+6} for 634 gold pieces
  8916 | D:1      | Found the necklace of Bloodlust {Fury *Rage Will++ Int-3
                  | Slay+6}
  9231 | D:8      | Killed a boulder beetle
  9234 | D:8      | Killed a red ugly thing
  9262 | D:8      | Identified the ring of Goab {Fire rPois Will+}
  9348 | D:9      | Reached skill level 12 in Fighting
  9361 | D:9      | Identified the +0 robe of the Eternal Fruit {rElec Int+4}
  9365 | D:9      | Noticed Maggie
  9587 | D:9      | Noticed Maurice
  9591 | D:9      | Paralysed by Maurice for 3 turns
  9595 | D:9      | Something stole a +3 great sword
  9600 | D:9      | Killed Maurice
  9697 | D:9      | Reached XP level 11. HP: 93/115 MP: 10/10
  9771 | D:9      | Noticed Erica
  9790 | D:9      | Killed Erica
 10173 | D:9      | Killed Maggie
 10184 | D:9      | Killed a boulder beetle
 10206 | D:10     | Entered Level 10 of the Dungeon
 10233 | D:10     | Found a glowing golden altar of the Shining One.
 10234 | D:10     | Found a bloodstained altar of Trog.
 10423 | D:10     | Noticed a two-headed ogre
 10426 | D:10     | Killed a two-headed ogre
 10427 | D:10     | Reached skill level 13 in Fighting
 10517 | D:10     | Found a runed translucent door.
 10524 | D:10     | Found a basalt altar of Yredelemnul.
 10565 | D:10     | Found a staircase to the Lair.
 10577 | D:10     | Noticed an oklob plant
 10604 | D:10     | Killed an oklob plant
 10708 | Lair:1   | Entered Level 1 of the Lair of Beasts
 10836 | Lair:1   | Noticed an oklob plant
 10836 | Lair:1   | Noticed an oklob plant
 10883 | Lair:1   | Noticed an oklob plant
 10890 | Lair:1   | HP: 4/118 [oklob plant/splash of acid (21)]
 11211 | Lair:1   | Noticed Harold
 11224 | Lair:1   | Killed Harold
 11407 | Lair:1   | Killed an oklob plant
 11409 | Lair:1   | Killed an oklob plant
 11410 | Lair:1   | Reached skill level 14 in Fighting
 11412 | Lair:1   | Killed an oklob plant
 11413 | Lair:1   | Reached XP level 12. HP: 56/128 MP: 11/11
 11650 | Lair:1   | Noticed Grum
 11662 | Lair:1   | Killed Grum
 11936 | Lair:2   | Noticed a five-headed hydra
 12177 | Lair:2   | Found a runed translucent door.
 12190 | Lair:2   | Noticed Vadghucic's ghost (journeyman DsFE)
 12461 | Lair:2   | Found a hole to the Spider Nest.
 12613 | Spider:1 | Entered Level 1 of the Spider Nest
 12615 | Spider:1 | Noticed an entropy weaver
 12620 | Spider:1 | Reached skill level 15 in Fighting
 12624 | Lair:2   | HP: 6/130 [culicivora (9)]
 12625 | Lair:2   | HP: 2/130 [tarantella (4)]
 12625 | Lair:2   | Mangled by an entropy weaver

Illustrated notes

Levels and vault maps discovered:
D:1:      amcnicky_arrival_gap_in_the_tavern_cellar, layout_basic, serial_shops,
          nicolae_shop_peninsula, dk_noncrumbling_2
D:2:      layout_basic
D:3:      layout_basic, chequers_temple_overflow_statue_of_worship,
          gup_sewer_entry_glass, uniq_ijyb
D:4:      layout_cave_pools, fedhas_altar_fruit_tree, serial_shops,
          nicolae_shop_just_a_little_nook
D:5:      layout_rooms, nrook_uturn
D:6:      minmay_diamond_boxcup, layout_loops_ring, xom_confusion_cloud,
          minmay_temple_entry_purple_smoke, serial_rivers,
          chequers_serial_rivers_marsh, chequers_serial_rivers_large_b,
          chequers_serial_rivers_micro_c, chequers_serial_rivers_micro_b,
          nicolae_ossuary_entry_ruins, dk_vineyard_2, uniq_eustachio,
          uniq_blork_the_orc
D:7:      layout_basic, nicolae_take_the_stairs, uniq_duvessa
D:8:      gammafunk_sealed_arena, layout_basic
D:9:      gammafunk_boulding_lane, layout_loops_ring, uniq_maurice, uniq_erica,
          uniq_maggie
D:10:     layout_cave_pools, dk_yredelemnul_ordeal, grunt_temple_overflow_open,
          dpeg_oklobed_lair
Lair:1:   minmay_lair_oklob_chamber, layout_chaotic_city, uniq_harold, uniq_grum
Lair:2:   layout_roguey, spider_nest_entry_webs, special_room
          [special_room_bee], ebering_ghost_reflecting_pool,
          small_statue_intersection
Spider:1: layout_spider_delve

Skill      XL: |  1  2  3  4  5  6  7  8  9 10 11 12 |
---------------+-------------------------------------+-----
Fighting       | 4 5 6 7 9 10 12 14 15 | 15.0
Axes           | 4 5 6 7 8 10 12 13 14 | 14.8
Armour         | 3 4 5 6 8 10 11 13 14 | 14.6
Dodging        | |  2.2

Action                     |  1- 3 |  4- 6 |  7- 9 | 10-12 || total
---------------------------+-------+-------+-------+-------++-------
  Melee: Hand axe          |    82 |   133 |   333 |    32 ||   580
         Headbutt          |     3 |     9 |    70 |    73 ||   155
         Punch             |       |     4 |    10 |     1 ||    15
         Battleaxe         |       |       |       |   290 ||   290
  Throw: Dart              |       |     4 |     2 |     2 ||     8
 Invoke: Berserk           |       |     2 |     3 |     4 ||     9
         Trog's Hand       |       |     1 |       |     1 ||     2
         Brothers in Arms  |       |       |       |     9 ||     9
    Use: Potion            |     7 |     3 |       |     5 ||    15
         Scroll            |     8 |     3 |     9 |     7 ||    27
   Stab: Sleeping          |       |       |     2 |     1 ||     3
         Confused          |       |       |     1 |       ||     1
         Distracted        |       |       |       |     1 ||     1
 Armour: Animal skin       |     9 |       |       |       ||     9
         Ring mail         |    27 |    76 |       |       ||   103
         Chain mail        |       |    15 |   147 |       ||   162
         Skin              |       |       |    47 |       ||    47
         Leather armour    |       |       |    30 |    60 ||    90
         Plate armour      |       |       |       |   248 ||   248
  Dodge: Dodged            |    49 |    69 |   168 |   152 ||   438
  Block: Other             |       |       |       |    86 ||    86
         Reflection        |       |       |       |     3 ||     3

Table legend: (Time is in decaauts)
 A = Elapsed time spent in this place.
 B = Non-inter-level travel time spent in this place.
 C = Inter-level travel time spent in this place.
 D = Time resting spent in this place.
 E = Time spent auto-exploring this place.
 F = Levels seen in this place.
 G = Mean time per level.
                   A        B        C        D        E       F      G
               +--------+--------+--------+--------+--------+-----+--------+
         Total |  12752 |   6368 |   6384 |   1264 |   2304 |  15 |  850.1 |
       Dungeon |   9944 |   4505 |   5439 |    589 |   2021 |  10 |  994.4 |
          Lair |   1937 |    993 |    944 |    554 |     19 |   2 |  968.5 |
   Spider Nest |      9 |      9 |      0 |      0 |      0 |   1 |    9.0 |
         Sewer |    573 |    573 |      0 |     36 |    263 |   1 |  573.0 |
       Ossuary |    287 |    287 |      0 |     84 |      0 |   1 |  287.0 |
               +--------+--------+--------+--------+--------+-----+--------+

Top non-repeatable levels by time:
     D:8: 1733 daAuts
     D:6: 1444 daAuts
  Lair:1: 1327 daAuts
     D:1: 1131 daAuts
     D:4: 966 daAuts
     D:5: 958 daAuts
     D:2: 928 daAuts
     D:9: 910 daAuts
     D:3: 784 daAuts
  Lair:2: 610 daAuts
     D:7: 583 daAuts
   Sewer: 573 daAuts
    D:10: 504 daAuts
 Ossuary: 287 daAuts
Spider:1: 9 daAuts
